 Dungeon Crawl Stone Soup version 0.24.1-14-gf8d2b509d9 (console) character file.

Game seed: 8476159353023475356, levelgen mode: deterministic

30882 Kagalorn the Protected (level 13, 0/101 HPs)
             Began as a Gnoll Wanderer on Mar 8, 2021.
             Was an Elder of Ashenzari.
             Succumbed to a killer bee's poison
             ... on level 3 of the Lair of Beasts.
             The game lasted 00:54:15 (22389 turns).

Kagalorn the Protected (Gnoll Wanderer)            Turns: 22389, Time: 00:54:15

Health: 0/101      AC: 20    Str: 21    XL:     13   Next: 54%
Magic:  25/25      EV: 14    Int: 15    God:    Ashenzari [****..]
Gold:   718        SH:  8    Dex: 13    Spells: 28/28 levels left

rFire    . . .     SeeInvis +   a - +1 war axe
rCold    + . .     Gourm    .   R - +2 buckler
rNeg     . . .     Faith    .   D - +2 scale mail {rC+}
rPois    +         Spirit   .   e - +2 helmet (curse)
rElec    .         Reflect  .   B - +0 cloak
rCorr    .         Harm     .   C - +1 pair of gloves
MR       .....     Clarity  +   T - +0 pair of boots
Stlth    ++........             k - amulet of the acrobat (curse)
HPRegen  0.26/turn              Y - ring of poison resistance
MPRegen  0.19/turn              f - ring of wizardry (curse)

@: lethally poisoned (0 -> -1)
A: distributed training, fangs 1, strong nose
a: Curse Item, Scrying, Renounce Religion


You were on level 3 of the Lair of Beasts.
You worshipped Ashenzari.
Ashenzari was greatly pleased with you.
You were near starving.

You visited 3 branches of the dungeon, and saw 17 of its levels.
You also visited: Ossuary.

You collected 926 gold pieces.
You spent 208 gold pieces at shops.

Inventory:

Hand Weapons
 a - a +1 war axe (weapon)
 b - a +1 whip of electrocution
 r - a cursed +1 broad axe of freezing
 w - a +2 short sword of venom
Missiles
 j - 23 javelins
 o - a throwing net
 p - 91 bolts
 y - 19 poisoned darts (quivered)
 L - 5 curare-tipped darts
Armour
 e - a cursed +2 helmet (worn)
 B - a +0 cloak (worn)
 C - a +1 pair of gloves (worn)
 D - a +2 scale mail of cold resistance (worn)
 R - a +2 buckler (worn)
 T - a +0 pair of boots (worn)
Jewellery
 f - a cursed ring of wizardry (right hand)
 g - the cursed ring of Wynizedy {rF++ Str-5 Int+6 Slay-6}
   (You found it on level 1 of the Lair of Beasts)

   [ring of slaying]

   It affects your strength (-5).
   It affects your intelligence (+6).
   It affects your accuracy and damage with ranged weapons and melee attacks
   (-6).
   It greatly protects you from fire.
   It has a curse placed upon it.
 k - a cursed amulet of the acrobat (around neck)
 A - an uncursed ring of resist corrosion
 O - an uncursed ring of ice
 Y - a ring of poison resistance (left hand)
Wands
 z - a wand of digging (6)
 Q - a wand of acid (8)
 U - a wand of flame (9)
 W - a wand of paralysis (6)
Scrolls
 c - 5 scrolls of teleportation
 h - 4 scrolls of amnesia
 m - 9 scrolls of remove curse
 q - 2 scrolls of fog
 s - 3 scrolls of enchant weapon
 t - 2 scrolls of enchant armour
 u - 4 scrolls of fear
 I - 2 scrolls of vulnerability
 K - a scroll of identify
 N - a scroll of magic mapping
 V - a scroll of silence
 Z - 2 scrolls of blinking
Potions
 i - 5 potions of curing
 l - 2 potions of brilliance
 n - 3 potions of cancellation
 v - a potion of might
 E - a potion of resistance
 F - 2 potions of agility
 G - a potion of lignification
 H - a potion of berserk rage
 J - 5 potions of mutation
 M - 3 potions of flight
 P - 2 potions of heal wounds
 S - 2 potions of magic
 X - 3 potions of haste
Comestibles
 d - 16 rations


   Skills:
 + Level 9.5 Fighting
 + Level 8.2 Short Blades
 + Level 8.2 Long Blades
 + Level 8.2 Axes
 + Level 8.2 Maces & Flails
 + Level 8.2 Polearms
 + Level 8.2 Staves
 + Level 8.2 Slings
 + Level 8.2 Bows
 + Level 8.7 Crossbows
 + Level 9.5 Throwing
 + Level 12.8 Armour
 + Level 8.2 Dodging
 + Level 8.2 Stealth
 + Level 8.2 Shields
 + Level 8.2 Unarmed Combat
 + Level 8.2 Spellcasting
 + Level 6.8(9.2) Conjurations
 + Level 6.8(9.2) Hexes
 + Level 6.8(9.2) Charms
 + Level 6.8(9.2) Summonings
 + Level 6.8(9.2) Necromancy
 + Level 6.8(9.2) Translocations
 + Level 6.8(9.2) Transmutations
 + Level 6.8(9.2) Fire Magic
 + Level 6.8(9.2) Ice Magic
 + Level 6.8(9.2) Air Magic
 + Level 6.8(9.2) Earth Magic
 + Level 6.8(9.2) Poison Magic
 + Level 9.0 Invocations
 + Level 8.2(10.5) Evocations


You had 28 spell levels left.
You didn't know any spells.
Your spell library contained the following spells:

 Spells                   Type           Power        Failure   Level  Hunger
 Animate Skeleton         Necr           N/A          1%          1    None
 Apportation              Tloc           ####..       1%          1    None
 Confusing Touch          Hex            ####..       1%          1    None
 Sting                    Conj/Pois      ####         1%          1    None
 Summon Butterflies       Summ           ####....     1%          1    None
 Summon Small Mammal      Summ           ####         1%          1    None
 Poisonous Vapours        Pois/Air       ####..       1%          2    None
 Call Canine Familiar     Summ           ####....     1%          3    ##.....
 Mephitic Cloud           Conj/Pois/Air  ####....     1%          3    ##.....
 Olgreb's Toxic Radiance  Pois           ####....     2%          4    ####...
 Summon Ice Beast         Ice/Summ       ####....     2%          4    ####...
 Summon Mana Viper        Hex/Summ       ####....     6%          5    #####..
 Venom Bolt               Conj/Pois      ####......   6%          5    #####..
 Summon Hydra             Summ           ####......   86%         7    #######


Dungeon Overview and Level Annotations

Branches:
Dungeon (12/15)            Temple (1/1) D:4            Lair (4/6) D:11
 Shoals (0/4) Lair:4       Spider (0/4) Lair:2          Orc (0/2) D:9
Ossuary (visited)

Altars:
Ashenzari
Cheibriados
Dithmenos
Elyvilon
Fedhas
Gozag
Hepliaklqana
Kikubaaqudgha
Makhleb
Nemelex Xobeh
Okawaru
Qazlal
Ru
Sif Muna
Trog
Uskayaw
Vehumet
Wu Jian
Xom
Yredelemnul
Zin
The Shining One

Shops:
D:8 =   D:10 [%[*

Annotations:
D:12 Frances
Lair:4 Kirke


Innate Abilities, Weirdness & Mutations

Your experience applies equally to all skills.
You have very sharp teeth.
Your uncanny sense of smell can sniff out nearby items.


Message History

You feel sick. The killer bee misses you. You block the killer bee's attack.
The hog bites you but does no damage.
The killer bee stings you but does no damage.
The killer bee stings you but does no damage.
You miss the killer bee.
You feel sick.
The killer bee stings you but does no damage.
You block the killer bee's attack.
You closely miss the killer bee.
The killer bee stings you but does no damage. x2
You closely miss the killer bee. Your bite misses the killer bee.
You block the killer bee's attack. The killer bee closely misses you.
You closely miss the killer bee.
The killer bee stings you but does no damage.
The killer bee stings you.
* * * LOW HITPOINT WARNING * * *
The killer bee stings you.
* * * LOW HITPOINT WARNING * * *
You hit the killer bee. You bite the killer bee.
The killer bee is heavily wounded.
You die...

######........................#
..P.###..#....................#
............................#.##
...................#........#..#
..............................##
##...................##.##.##..##
#................h..........)[...
##......##.##..##y...............
#.......P#######@................
........## #.#.............###
.........# #.......####P...###
.......h## ##...^..# #.....#
........# ##.....## #)....#
.##+..>.## #####......# ##...###
.........####.........#####.....#
.....#......h.(........#.##....##
#...P............................


You could see a hog and a killer bee.

Vanquished Creatures
  Josephine (Lair:4)
  3 hydras
  3 two-headed ogres
  A tengu warrior (D:11)
  3 death yaks
  Sonja (Lair:2)
  Pikel (D:7)
  An orc knight (D:12)
  An orb spider (Lair:2)
  An ugly thing (D:11)
  A centaur zombie (D:11)
  2 black mambas (Lair:4)
  4 spiny frogs
  A gargoyle (D:12)
  2 rime drakes
  2 komodo dragons
  A troll (D:12)
  2 polar bears (D:9)
  12 blink frogs
  Prince Ribbit (D:6)
  7 hippogriffs
  7 wraiths
  4 wyverns
  A hungry ghost (D:12)
  A hog (Lair:4)
  3 basilisks
  4 vampire mosquitoes (D:12)
  Menkaure (D:7)
  9 porcupines
  6 water moccasins
  8 orc warriors
  2 sky beasts
  4 ice beasts
  A necrophage (D:8)
  A phantom (D:9)
  A black bear (D:9)
  7 ogres
  8 centaurs
  5 wolves
  9 crocodiles
  15 bullfrogs
  3 big kobolds
  3 scorpions
  58 killer bees
  4 wights (D:11)
  A howler monkey (D:5)
  5 crimson imps
  3 bullfrog zombies
  3 hounds
  5 orc priests
  5 jellies
  8 orc wizards
  A wyvern simulacrum (D:9)
  A centaur skeleton (D:12)
  4 iguanas
  4 worker ants
  2 hound zombies
  A hound skeleton (D:6)
  3 mummies (Ossuary)
  5 adders
  A shadow imp (D:9)
  2 white imps (D:9)
  9 oozes
  2 adder skeletons (D:4)
  3 adder zombies (Ossuary)
  A worm (D:2)
  2 dart slugs
  4 leopard geckos
  41 orcs
  9 bats
  2 giant cockroaches
  A gnoll zombie (Ossuary)
  5 goblins
  A hobgoblin (D:3)
  11 jackals
  29 kobolds
  3 quokkas
  2 ball pythons (D:1)
  7 frilled lizards
  2 goblin zombies (Ossuary)
  6 hobgoblin zombies (Ossuary)
  A leopard gecko skeleton (D:4)
  An orc zombie (Ossuary)
  A quokka skeleton (D:7)
  A quokka zombie (Ossuary)
  7 rats
  4 rat zombies (Ossuary)
  A plant (Lair:3)
426 creatures vanquished.

Vanquished Creatures (others)
  14 fungi
  12 plants (Lair:4)
  8 toadstools (D:3)
34 creatures vanquished.

Grand Total: 460 creatures vanquished

Notes
Turn   | Place    | Note
-------+----------+-------------------------------------------
     0 | D:1      | Reached skill level 10 in Armour
     0 | D:1      | Kagalorn the Gnoll Wanderer began the quest for the Orb.
     0 | D:1      | Kagalorn set off with the following items: a +0 hand axe, a
                  | +2 scale mail, a scroll of teleportation, a ration
     0 | D:1      | Reached XP level 1. HP: 20/20 MP: 1/1
   153 | D:1      | Reached XP level 2. HP: 25/26 MP: 2/2
   415 | D:1      | Reached XP level 3. HP: 31/31 MP: 3/3
   938 | D:2      | Reached skill level 1 in Invocations
   939 | D:2      | Found a shadowy altar of Dithmenos.
  1083 | D:2      | Reached skill level 1 in Short Blades
  1083 | D:2      | Reached skill level 1 in Long Blades
  1083 | D:2      | Reached skill level 1 in Axes
  1083 | D:2      | Reached skill level 1 in Maces & Flails
  1083 | D:2      | Reached skill level 1 in Polearms
  1083 | D:2      | Reached skill level 1 in Staves
  1083 | D:2      | Reached skill level 1 in Slings
  1083 | D:2      | Reached skill level 1 in Bows
  1083 | D:2      | Reached skill level 1 in Dodging
  1083 | D:2      | Reached skill level 1 in Stealth
  1083 | D:2      | Reached skill level 1 in Shields
  1083 | D:2      | Reached skill level 1 in Unarmed Combat
  1083 | D:2      | Reached skill level 1 in Spellcasting
  1083 | D:2      | Reached skill level 1 in Evocations
  1196 | D:2      | Found a sacrificial altar of Ru.
  1197 | D:2      | Reached XP level 4. HP: 38/38 MP: 5/5
  1349 | D:2      | Found a shadowy altar of Dithmenos.
  1527 | D:2      | Found a bloodstained altar of Trog.
  2078 | D:3      | Noticed an ogre
  2089 | D:3      | Killed an ogre
  2089 | D:3      | Reached skill level 1 in Conjurations
  2089 | D:3      | Reached skill level 1 in Hexes
  2089 | D:3      | Reached skill level 1 in Charms
  2089 | D:3      | Reached skill level 1 in Summonings
  2089 | D:3      | Reached skill level 1 in Necromancy
  2089 | D:3      | Reached skill level 1 in Translocations
  2089 | D:3      | Reached skill level 1 in Transmutations
  2089 | D:3      | Reached skill level 1 in Fire Magic
  2089 | D:3      | Reached skill level 1 in Ice Magic
  2089 | D:3      | Reached skill level 1 in Air Magic
  2089 | D:3      | Reached skill level 1 in Earth Magic
  2089 | D:3      | Reached skill level 1 in Poison Magic
  2089 | D:3      | Reached XP level 5. HP: 32/43 MP: 5/7
  2102 | D:3      | Found a shimmering blue altar of Sif Muna.
  2122 | D:3      | Found a faded altar of an unknown god.
  2250 | D:3      | Found a glowing silver altar of Zin.
  2439 | D:3      | Found a burning altar of Makhleb.
  2526 | D:3      | Reached XP level 6. HP: 39/50 MP: 8/8
  2908 | D:4      | Found a staircase to the Ecumenical Temple.
  2970 | D:4      | Reached skill level 5 in Fighting
  2970 | D:4      | Reached skill level 5 in Throwing
  3093 | D:4      | Found a sand-covered staircase.
  3099 | Ossuary  | Entered an ossuary
  3785 | Temple   | Entered the Ecumenical Temple
  3877 | Temple   | Became a worshipper of Ashenzari the Shackled
  3916 | D:5      | Entered Level 5 of the Dungeon
  4093 | D:5      | Noticed a sky beast
  4130 | D:5      | Killed a sky beast
  4130 | D:5      | Reached XP level 7. HP: 47/56 MP: 10/10
  4251 | D:5      | Found a shimmering altar of Xom.
  4599 | D:5      | Found a stormy altar of Qazlal.
  4844 | D:5      | Found an ornate altar of the Wu Jian Council.
  4844 | D:5      | Found a basalt altar of Yredelemnul.
  4888 | D:6      | Found an ancient bone altar of Kikubaaqudgha.
  4989 | D:6      | Reached * piety under Ashenzari
  5214 | D:6      | Reached XP level 8. HP: 51/63 MP: 12/12
  6056 | D:7      | Noticed a hippogriff
  6084 | D:7      | Killed a hippogriff
  6431 | D:7      | Reached skill level 11 in Armour
  6431 | D:7      | Reached XP level 9. HP: 57/69 MP: 14/14
  6489 | D:7      | Noticed Menkaure
  6493 | D:7      | Killed Menkaure
  6507 | D:7      | Noticed Prince Ribbit
  6537 | D:7      | HP: 1/69 [ogre/+0 giant club (21)]
  6585 | D:6      | Killed Prince Ribbit
  6841 | D:7      | Reached skill level 5 in Crossbows
  7063 | D:7      | Noticed Pikel
  7097 | D:7      | Killed Pikel
  7097 | D:7      | Reached skill level 5 in Invocations
  7668 | D:8      | Reached XP level 10. HP: 64/77 MP: 17/17
  7710 | D:8      | Found Etuqiynn's Jewellery Shoppe.
  7942 | D:8      | Reached ** piety under Ashenzari
  8392 | D:8      | Reached skill level 5 in Short Blades
  8392 | D:8      | Reached skill level 5 in Long Blades
  8392 | D:8      | Reached skill level 5 in Axes
  8392 | D:8      | Reached skill level 5 in Maces & Flails
  8392 | D:8      | Reached skill level 5 in Polearms
  8392 | D:8      | Reached skill level 5 in Staves
  8392 | D:8      | Reached skill level 5 in Slings
  8392 | D:8      | Reached skill level 5 in Bows
  8392 | D:8      | Reached skill level 5 in Dodging
  8392 | D:8      | Reached skill level 5 in Stealth
  8392 | D:8      | Reached skill level 5 in Shields
  8392 | D:8      | Reached skill level 5 in Unarmed Combat
  8392 | D:8      | Reached skill level 5 in Spellcasting
  8392 | D:8      | Reached skill level 5 in Evocations
  8417 | D:9      | Found an opulent altar of Gozag.
  8868 | D:9      | Noticed a +0 dagger
  8869 | D:9      | Noticed a +0 dagger
  8871 | D:9      | Found a hide-covered altar of Uskayaw.
  9091 | D:9      | Found a staircase to the Orcish Mines.
  9433 | D:10     | Entered Level 10 of the Dungeon
  9509 | D:10     | Found Epsioff's Food Shop.
  9619 | D:10     | Found Opliynn's Armour Emporium.
  9863 | D:10     | Noticed a two-headed ogre
  9902 | D:10     | Killed a two-headed ogre
  9946 | D:10     | Reached XP level 11. HP: 51/84 MP: 19/19
 10162 | D:10     | Found Mirosh's Armour Boutique.
 10316 | D:10     | Found Gifehev's General Store.
 10323 | D:10     | Bought a potion of haste for 130 gold pieces
 10323 | D:10     | Bought a scroll of remove curse for 39 gold pieces
 10323 | D:10     | Bought a potion of curing for 39 gold pieces
 11231 | D:11     | Reached skill level 5 in Conjurations
 11231 | D:11     | Reached skill level 5 in Hexes
 11231 | D:11     | Reached skill level 5 in Charms
 11231 | D:11     | Reached skill level 5 in Summonings
 11231 | D:11     | Reached skill level 5 in Necromancy
 11231 | D:11     | Reached skill level 5 in Translocations
 11231 | D:11     | Reached skill level 5 in Transmutations
 11231 | D:11     | Reached skill level 5 in Fire Magic
 11231 | D:11     | Reached skill level 5 in Ice Magic
 11231 | D:11     | Reached skill level 5 in Air Magic
 11231 | D:11     | Reached skill level 5 in Earth Magic
 11231 | D:11     | Reached skill level 5 in Poison Magic
 11521 | D:11     | Reached *** piety under Ashenzari
 11524 | D:11     | Noticed a cyan ugly thing
 11578 | D:11     | Killed a cyan ugly thing
 11730 | D:11     | Noticed a two-headed ogre
 11812 | D:10     | Killed a two-headed ogre
 12052 | D:11     | Found a staircase to the Lair.
 12993 | D:12     | Found a blossoming altar of Fedhas.
 13157 | D:12     | Noticed a two-headed ogre
 13202 | D:12     | Killed a two-headed ogre
 13202 | D:12     | Reached skill level 12 in Armour
 13559 | D:12     | Paralysed by fainting for 10 turns
 13800 | D:12     | Noticed a tengu warrior
 13920 | D:11     | Killed a tengu warrior
 14027 | D:12     | Reached XP level 12. HP: 18/93 MP: 22/22
 14302 | D:12     | Noticed Frances
 14513 | Lair:1   | Entered Level 1 of the Lair of Beasts
 14513 | Lair:1   | Identified the cursed ring of Wynizedy {rF++ Str-5 Int+6
                  | Slay-6}
 14606 | Lair:1   | Noticed a six-headed hydra
 15149 | D:11     | Killed a six-headed hydra
 16431 | Lair:2   | Got the cursed chain mail of the Crushed Tables {*Corrode
                  | rElec rF- MR+++ Slay+4}
 16434 | Lair:2   | Noticed Sonja
 16442 | Lair:2   | Killed Sonja
 16801 | Lair:2   | Found a hole to the Spider Nest.
 16953 | Lair:2   | Identified the cursed +1 chain mail of the Crushed Tables
                  | {*Corrode rElec rF- MR+++ Slay+4} (You found it on level 2
                  | of the Lair of Beasts)
 17190 | Lair:3   | Noticed a five-headed hydra
 17554 | Lair:2   | Killed a five-headed hydra
 17602 | Lair:3   | Identified a scroll of acquirement
 17614 | Lair:3   | Noticed a four-headed hydra
 17625 | Lair:3   | Killed a four-headed hydra
 18080 | Lair:3   | Reached **** piety under Ashenzari
 19509 | Lair:4   | Reached XP level 13. HP: 56/101 MP: 24/24
 21833 | Lair:4   | Identified the +6 scimitar "Goblinbane" {slice, *Slow MP+9
                  | Int+4 Dex+2}
 21886 | Lair:4   | Noticed Kirke
 21972 | Lair:4   | Noticed Josephine
 22179 | Lair:4   | Killed Josephine
 22388 | Lair:3   | HP: 1/101 [killer bee (6)]
 22389 | Lair:3   | Succumbed to a killer bee's poison

Levels and vault maps discovered:
D:1:      minmay_arrival_four_circles, layout_loops_corners, serial_bayou_pond_d
D:2:      layout_basic, lemuel_round_altar, lemuel_round_altar,
          hangedman_ru_absence, nicolae_dithmenos_shadow_blocks
D:3:      cheibrodos_fertilizer, layout_basic, lightli_temple_of_fire,
          marbit_many_paths, lemuel_round_altar, first_ration,
          chequers_ecumenical_altar_island, st_stairs_14, minivault_11
D:4:      layout_rooms, minmay_temple_entry_trees, nicolae_ossuary_entry_plus
D:5:      layout_basic, nicolae_qazlal_general_emergency, lemuel_round_altar,
          minitemple, hex_intersection, corexii_item_surrounded_by_moat,
          minivault_27
D:6:      layout_loops_cross, basic_altar, feat_on_display
D:7:      layout_cave_pools, uniq_menkaure, uniq_pikel, uniq_prince_ribbit1
D:8:      layout_basic, serial_shops, shop
D:9:      layout_rooms, dancing_weapons_uskayaw, grunt_gozag_statues,
          serial_ice, serial_ice_g, serial_ice_h, serial_ice_f, serial_ice_o
D:10:     layout_roguey, serial_shops, shop, nicolae_shop_behind_doors, shop,
          shop_statue, blue_anna_alchemist [blue_anna_fruit_fields,
          blue_anna_fruit_fields]
D:11:     layout_cave_pools, lair_entry_dummy, serial_column_ruins,
          column_ruins_square_huge, column_ruins_grid_5,
          column_ruins_open_small, column_ruins_grid_1, column_ruins_open_tiny,
          column_ruins_grid_1, column_ruins_columns_plus, minmay_liquid_box,
          kennysheep_small_spiral
D:12:     minmay_triangles_in_corner, layout_stronghold, basic_altar,
          serial_shops, shop, uniq_frances
Temple:   zaba_magenta_temple
Lair:1:   layout_hall_layers, infiniplex_staircase_pool_2
Lair:2:   layout_roguey, nicolae_spider_entry_orb_guardian, grunt_megastairs_5,
          uniq_sonja
Lair:3:   layout_chaotic_city
Lair:4:   wad_woods_minihive, layout_gridlike, minmay_shoals_entry_centaurs,
          grunt_megastairs_3, uniq_kirke, uniq_josephine

Skill      XL: |  1  2  3  4  5  6  7  8  9 10 11 12 13 |
---------------+----------------------------------------+-----
Armour         | 11 12 | 12.8
Invocations    | 1 2 3 4 5 6 7 8 9 |  9.0
Short Blades   | 1 2 3 4 5 6 7 8 |  8.2
Long Blades    | 1 2 3 4 5 6 7 8 |  8.2
Axes           | 1 2 3 4 5 6 7 8 |  8.2
Maces & Flails | 1 2 3 4 5 6 7 8 |  8.2
Polearms       | 1 2 3 4 5 6 7 8 |  8.2
Staves         | 1 2 3 4 5 6 7 8 |  8.2
Slings         | 1 2 3 4 5 6 7 8 |  8.2
Bows           | 1 2 3 4 5 6 7 8 |  8.2
Dodging        | 1 2 3 4 5 6 7 8 |  8.2
Stealth        | 1 2 3 4 5 6 7 8 |  8.2
Shields        | 1 2 3 4 5 6 7 8 |  8.2
Unarmed Combat | 1 2 3 4 5 6 7 8 |  8.2
Spellcasting   | 1 2 3 4 5 6 7 8 |  8.2
Evocations     | 1 2 3 4 5 6 7 8 |  8.2
Crossbows      | 3 4 5 6 7 8 |  8.7
Conjurations   | 1 2 3 4 5 6 |  6.8
Hexes          | 1 2 3 4 5 6 |  6.8
Charms         | 1 2 3 4 5 6 |  6.8
Summonings     | 1 2 3 4 5 6 |  6.8
Necromancy     | 1 2 3 4 5 6 |  6.8
Translocations | 1 2 3 4 5 6 |  6.8
Transmutations | 1 2 3 4 5 6 |  6.8
Fire Magic     | 1 2 3 4 5 6 |  6.8
Ice Magic      | 1 2 3 4 5 6 |  6.8
Air Magic      | 1 2 3 4 5 6 |  6.8
Earth Magic    | 1 2 3 4 5 6 |  6.8
Poison Magic   | 1 2 3 4 5 6 |  6.8
Fighting       | 5 6 7 8 9 |  9.5
Throwing       | 5 6 7 8 9 |  9.5

Action                   |  1- 3 |  4- 6 |  7- 9 | 10-12 | 13-15 || total
-------------------------+-------+-------+-------+-------+-------++-------
Melee: Hand axe          |   114 |   104 |       |       |       ||   218
       Bite              |     7 |    25 |    25 |   134 |    65 ||   256
       Short sword       |       |   114 |    59 |    96 |    65 ||   334
       Punch             |       |     1 |       |       |       ||     1
       War axe           |       |    24 |   206 |   677 |   381 ||  1288
       Whip              |       |       |       |   385 |   104 ||   489
Throw: Dart              |       |       |       |    20 |       ||    20
Invok: Curse Item        |       |     2 |       |     1 |       ||     3
Evoke: Wand              |       |       |       |     6 |     1 ||     7
  Use: Scroll            |       |    13 |     3 |    14 |       ||    30
       Potion            |       |       |     1 |     1 |       ||     2
 Stab: Paralysed         |       |       |       |     1 |     2 ||     3
  Eat: Chunk             |     1 |       |     4 |    19 |     4 ||    28
       Ration            |       |     3 |     2 |     6 |     2 ||    13
Armor: Scale mail        |    63 |   136 |   147 |   577 |   241 ||  1164
Dodge: Dodged            |    66 |   182 |   183 |   794 |   555 ||  1780
Block: Buckler           |       |     4 |    61 |   451 |   299 ||   815
